 Dungeon Crawl Stone Soup version 0.31.0-32-g396128a36d (webtiles) character file.

Game seed: 8366714336578343845

32039 thoas the Basher (level 13, -19/118 HPs)
             Began as a Minotaur Fighter on Apr 5, 2024.
             Was an Elder of the Shining One.
             Demolished by a tyrant leech (20 damage)
             ... on level 4 of the Lair of Beasts.
             The game lasted 00:51:37 (19602 turns).

thoas the Basher (Minotaur Fighter)                Turns: 19602, Time: 00:51:38

Health: -19/118    AC: 19    Str: 25    XL:     13   Next: 29%
Magic:  0/17       EV:  8    Int:  5    God:    the Shining One [****..]
Gold:   1235       SH: 20    Dex: 11    Spells: 12/12 levels left

rFire   + . .        K - +4 mace (freeze)
rCold   . . .        N - +0 kite shield
rNeg    + + .        l - +0 chain mail {rF+}
rPois   .            C - +2 hat
rElec   .            (no cloak)
rCorr   +            h - +0 pair of gloves
SInv    .            (no boots)
Will    .....        H - amulet of guardian spirit Stlth
                     F - +4 ring of protection
HPRegen 0.39/turn    o - ring of resist corrosion
MPRegen 0.15/turn

%: guardian spirit
@: divinely shielded, glowing
A: horns 2, retaliatory headbutt
a: Renounce Religion, Divine Shield, Cleansing Flame


You were on level 4 of the Lair of Beasts.
You worshipped the Shining One.
The Shining One was greatly pleased with you.
You visited 3 branches of the dungeon, and saw 16 of its levels.

You collected 1235 gold pieces.

Inventory:

Hand Weapons
 q - a +0 flail of protection
 z - a +2 heavy mace
 E - a +1 broad axe of freezing
 K - a +4 mace of freezing (weapon)
 U - a +0 dire flail
Missiles
 A - 3 throwing nets
 J - 6 poisoned darts (quivered)
Armour
 h - a +0 pair of gloves (worn)
 l - a +0 chain mail of fire resistance (worn)
 t - a +0 plate armour
 C - a +2 hat (worn)
 N - a +0 kite shield (worn)
Jewellery
 i - a ring of fire
 o - a ring of resist corrosion (right hand)
 r - a ring of positive energy
 F - a +4 ring of protection (left hand)
 H - an amulet of guardian spirit (around neck)
 R - a ring of positive energy
Wands
 d - a wand of charming (20)
 P - a wand of digging (7)
 S - a wand of mindburst (1)
Scrolls
 b - a scroll of vulnerability {unknown}
 c - 2 scrolls of enchant armour {unknown}
 e - 3 scrolls of teleportation
 g - a scroll of enchant weapon {unknown}
 j - 2 scrolls of identify
 k - 2 scrolls of silence {unknown}
 m - a scroll of immolation {unknown}
 p - a scroll of fog {unknown}
 s - 4 scrolls of revelation
 u - 4 scrolls of poison {unknown}
 v - 3 scrolls of noise {unknown}
 y - 2 scrolls of fear {unknown}
 B - a scroll of amnesia {unknown}
 D - a scroll of brand weapon {unknown}
 M - 2 scrolls of blinking {unknown}
 Q - a scroll of torment {unknown}
Potions
 a - 3 potions of mutation
 f - 2 potions of brilliance {unknown}
 n - 2 potions of magic
 w - a potion of degeneration
 x - a potion of haste {unknown}
 G - 2 potions of attraction {unknown}
 I - 6 potions of cancellation
 L - a potion of enlightenment {unknown}
 O - a potion of berserk rage {unknown}
 T - a potion of lignification {unknown}


   Skills:
 + Level 12.0 Fighting
 + Level 13.2 Maces & Flails
 + Level 12.0 Armour
 + Level 12.0 Shields
 + Level 7.9 Invocations
 + Level 8.2 Evocations


You had 12 spell levels left.
You didn't know any spells.
Your spell library contained the following spells:

 Spells                   Type           Power      Damage    Failure   Level
 Ensorcelled Hibernation  Hex/Ice        0%         N/A       99%         2
 Fugue of the Fallen      Necr           0%         N/A       100%        3
 Inner Flame              Hex/Fire       0%         N/A       100%        3
 Passwall                 Erth           0%         N/A       100%        3
 Swiftness                Air            0%         N/A       100%        3
 Tukima's Dance           Hex            0%         N/A       100%        3
 Anguish                  Hex/Necr       0%         N/A       100%        4
 Dimensional Bullseye     Hex/Tloc       0%         N/A       100%        4
 Flame Wave               Conj/Fire      0%         2d4       100%        4
 Iskenderun's Mystic Bla  Conj/Tloc      0%         2d3       100%        4
 Sticky Flame             Fire/Alch      0%         2d4       100%        4
 Vhi's Electric Charge    Tloc/Air       0%         N/A       100%        4
 Arcjolt                  Conj/Air       0%         1d10      100%        5
 Summon Mana Viper        Hex/Summ       0%         N/A       100%        5
 Plasma Beam              Fire/Air       0%         2x1d10    100%        6
 Monstrous Menagerie      Summ           0%         N/A       100%        7
 Summon Hydra             Summ           0%         N/A       100%        7


Dungeon Overview and Level Annotations

Branches:
Dungeon (10/15)            Temple (1/1) D:4            Lair (5/5) D:10
  Swamp (0/4) Lair:2       Spider (0/4) Lair:2        Slime (0/5) Lair:4
    Orc (0/2) D:10

Altars:
Ashenzari
Cheibriados
Dithmenos
Elyvilon
Fedhas
Gozag
Hepliaklqana
Kikubaaqudgha
Makhleb
Nemelex Xobeh
Okawaru
Qazlal
Ru
Sif Muna
Trog
Uskayaw
Vehumet
Wu Jian
Xom
Yredelemnul
Zin
The Shining One

Portals:
Trove: D:10 (give 3 potions of resistance)

Annotations:
Lair:1 exclusion: oklob plant
Lair:2 1 runed translucent door, Rupert
Lair:3 3 runed translucent doors, po7itron's ghost, journeyman TrSh


Innate Abilities, Weirdness & Mutations

You have a pair of horns on your head.
You reflexively headbutt those who attack you in melee.


Message History

The vampire mosquito is heavily damaged.
You feel sick.
The cane toad stings you but does no damage.
The vampire mosquito bites you. You block the skyshark's attack. x3
The tyrant leech bites you.
The tyrant leech draws strength from your injuries!
You hit the vampire mosquito. You freeze the vampire mosquito.
Your headbutt misses the vampire mosquito.
The vampire mosquito is severely damaged.
You feel sick.
You are no longer poisoned.
The vampire mosquito bites you but does no damage.
The cane toad stings you but does no damage.
The skyshark bites you!
The skyshark enters a blood-rage!
You block the skyshark's attack. x2
The vampire mosquito bites you but does no damage.
The tyrant leech bites you!!
* * * LOW HITPOINT WARNING * * *
The tyrant leech draws strength from your injuries!
You hear a croak.
You block the vampire mosquito's attack.
The blink frog closely misses you. You furiously retaliate!
You headbutt the blink frog.
The skyshark bites you but does no damage.
You block the skyshark's attack. The skyshark barely misses you.
You block the vampire mosquito's attack.
The blink frog blinks!
The skyshark completely misses you. You furiously retaliate!
You headbutt the skyshark.
The skyshark tail-slaps you but does no damage. x2
You climb upwards.
There is a stone staircase leading down here.
Your shield is strengthened by the Shining One's divine power.
You block the tyrant leech's attack. The skyshark bites you!!
* * * LOW HITPOINT WARNING * * *
The skyshark tail-slaps you!
* * * LOW HITPOINT WARNING * * *
The skyshark tail-slaps you. The Shining One protects you from harm!
The tyrant leech bites you!!
You die...

###### #....### ####......##
######## #.#........##
####...#..#####
#...........####@wy......##..###
............##.FwF.............#
.............#...........<....P#
...............................#
...........##..................#
....รทรท.....##..#...........PP..##
...........#...............##...#
..........##..#..........#.###..#
..........#..##..........#####P..


You could see a skyshark (berserk), 2 tyrant leeches, a blink frog and a vampire
mosquito.

Vanquished Creatures
  An eleionoma (Lair:2)
  Josephine (Lair:3)
  5 hydras
  A boulder beetle (Lair:2)
  3 death yaks (Lair:4)
  A skyshark (Lair:4)
  A mana viper (D:9)
  Joseph (D:9)
  6 elephants (Lair:2)
  2 black mambas
  12 cane toads
  4 rime drakes
  2 komodo dragons
  A troll (D:10)
  A polar bear (Lair:4)
  14 blink frogs
  A jumping spider (Lair:2)
  3 slime creatures (Lair:4)
  4 wraiths
  3 wyverns
  22 yaks
  Eustachio (D:6)
  2 basilisks
  A steam dragon (D:9)
  A human (Lair:2)
  A redback (Lair:2)
  2 vampire mosquitoes (D:10)
  2 sky beasts
  14 water moccasins
  4 black bears
  An orc warrior (D:10)
  An ogre (D:5)
  22 wolves
  3 centaurs
  3 phantoms
  The ghost of Syis the Conjurer, an amateur DECj (D:3)
  A kobold brigand (D:9)
  Blork the orc (D:6)
  12 bullfrogs
  2 gnoll sergeants
  6 scorpions
  5 wights (D:7)
  5 killer bees (D:9)
  2 electric eels (D:9)
  3 lava snakes (Lair:3)
  A bombardier beetle (D:5)
  A hound (D:4)
  2 jellies
  6 orc priests
  2 iguanas
  Ijyb (D:3)
  12 orc wizards
  3 sleepcaps
  Terence (D:2)
  5 adders
  21 gnolls
  A river rat (D:3)
  A white imp (D:6)
  4 ufetubi
  2 dart slugs
  2 ribbon worms (D:2)
  20 orcs
  A bat (D:3)
  4 endoplasms
  2 giant cockroaches (D:4)
  3 goblins
  7 hobgoblins
  4 jackals
  6 quokkas
  9 ball pythons
  5 frilled lizards
  9 kobolds
  6 rats
326 creatures vanquished.

Notes
Turn   | Place    | Note
-------+----------+-------------------------------------------
     0 | D:1      | thoas the Minotaur Fighter began the quest for the Orb.
     0 | D:1      | Reached XP level 1. HP: 19/19 MP: 0/0
    12 | D:1      | Noticed an electric eel
   117 | D:1      | Reached skill level 3 in Maces & Flails
   133 | D:1      | Found a faded altar of an unknown god.
   167 | D:1      | Reached XP level 2. HP: 25/26 MP: 1/1
   708 | D:2      | Reached skill level 4 in Maces & Flails
   887 | D:2      | Reached XP level 3. HP: 27/31 MP: 2/2
  1011 | D:2      | Noticed Terence
  1020 | D:2      | Killed Terence
  1021 | D:2      | Reached skill level 5 in Maces & Flails
  1027 | D:2      | Reached XP level 4. HP: 35/39 MP: 3/3
  1276 | D:3      | Noticed Ijyb
  1293 | D:3      | Killed Ijyb
  1301 | D:3      | Noticed Sigmund
  1305 | D:3      | Sigmund changed into Sigmund the river rat
  1305 | D:3      | Noticed Sigmund
  1312 | D:3      | Killed Sigmund the river rat
  1409 | D:3      | Reached skill level 6 in Maces & Flails
  1427 | D:3      | Found a runed translucent gate.
  1429 | D:3      | Found a runed translucent gate.
  1431 | D:3      | Found a runed translucent gate.
  1432 | D:3      | Noticed Syis's ghost (amateur DECj)
  1438 | D:3      | Noticed a scorpion
  1443 | D:3      | Reached XP level 5. HP: 21/45 MP: 4/4
  1450 | D:3      | Reached skill level 7 in Maces & Flails
  2297 | D:3      | Killed Syis's ghost
  2298 | D:3      | Reached XP level 6. HP: 48/51 MP: 5/5
  2359 | D:4      | Found a hazy altar of Hepliaklqana.
  2359 | D:4      | Found an iron altar of Okawaru.
  2360 | D:4      | Found a sacrificial altar of Ru.
  2542 | D:4      | Found a staircase to the Ecumenical Temple.
  2834 | D:4      | Found a shimmering altar of Xom.
  3002 | D:4      | Reached skill level 8 in Maces & Flails
  3019 | D:4      | Reached XP level 7. HP: 22/60 MP: 6/6
  3452 | D:5      | Entered Level 5 of the Dungeon
  3805 | Temple   | Entered the Ecumenical Temple
  3827 | Temple   | Became a worshipper of the Shining One
  3978 | D:5      | Reached skill level 5 in Fighting
  3978 | D:5      | Reached skill level 5 in Armour
  3978 | D:5      | Reached skill level 5 in Shields
  4071 | D:5      | Reached skill level 1 in Evocations
  4291 | D:5      | Reached XP level 8. HP: 60/69 MP: 7/7
  5280 | D:6      | Noticed Eustachio
  5298 | D:6      | Killed Eustachio
  5424 | D:6      | Noticed Blork the orc
  5432 | D:6      | Killed Blork the orc
  5487 | D:6      | Reached * piety under the Shining One
  5759 | D:6      | Reached skill level 9 in Maces & Flails
  5763 | D:6      | Reached XP level 9. HP: 69/78 MP: 8/8
  6311 | D:7      | Noticed Prince Ribbit
  6314 | D:7      | Reached ** piety under the Shining One
  6318 | D:7      | Reached skill level 1 in Invocations
  6348 | D:7      | Prince Ribbit changed into Prince Ribbit the blink frog
  6348 | D:7      | Noticed Prince Ribbit
  6350 | D:7      | Killed Prince Ribbit the blink frog
  7727 | D:8      | Reached XP level 10. HP: 53/88 MP: 9/11
  7865 | D:8      | Reached skill level 10 in Maces & Flails
  8306 | D:9      | Noticed a two-headed ogre
  8313 | D:9      | a two-headed ogre changed into a mana viper
  8313 | D:9      | Noticed a mana viper
  8326 | D:9      | Killed a mana viper
  8673 | D:9      | Reached skill level 5 in Evocations
  9104 | D:9      | Noticed Joseph
  9108 | D:9      | Killed Joseph
  9113 | D:9      | Found a shimmering blue altar of Sif Muna.
  9317 | D:9      | Found a stormy altar of Qazlal.
 10117 | D:10     | Entered Level 10 of the Dungeon
 10345 | D:10     | Found a portal to a secret trove of treasure.
 10740 | D:10     | Found a staircase to the Orcish Mines.
 10804 | D:10     | Reached XP level 11. HP: 88/97 MP: 13/13
 10895 | D:10     | Found a staircase to the Lair.
 11026 | Lair:1   | Entered Level 1 of the Lair of Beasts
 11095 | Lair:1   | Reached skill level 11 in Maces & Flails
 11354 | Lair:1   | Reached skill level 5 in Invocations
 11774 | Lair:1   | Found a blossoming altar of Fedhas.
 11778 | Lair:1   | Noticed an oklob plant
 12331 | Lair:2   | Reached skill level 10 in Armour
 12340 | Lair:2   | Reached skill level 10 in Shields
 12348 | Lair:1   | Reached skill level 10 in Fighting
 12716 | Lair:2   | Found a staircase to the Swamp.
 12716 | Lair:2   | Noticed an eleionoma
 12728 | Lair:2   | Reached *** piety under the Shining One
 12742 | Lair:2   | Killed an eleionoma
 12760 | Lair:2   | Noticed a seven-headed hydra
 13357 | Lair:1   | Killed a seven-headed hydra
 13358 | Lair:1   | Reached XP level 12. HP: 44/107 MP: 15/15
 13656 | Lair:2   | Reached skill level 12 in Maces & Flails
 14005 | Lair:2   | Got the Precepts of Sidekicks
 14026 | Lair:2   | Noticed a boulder beetle
 14038 | Lair:2   | Killed a boulder beetle
 14413 | Lair:2   | Found a hole to the Spider Nest.
 14615 | Lair:2   | Noticed a four-headed hydra
 14625 | Lair:2   | Killed a four-headed hydra
 15127 | Lair:2   | Found a runed translucent door.
 15138 | Lair:2   | Noticed Rupert
 15727 | Lair:3   | Noticed an eight-headed hydra
 15736 | Lair:3   | Killed an eight-headed hydra
 15906 | Lair:3   | Noticed a five-headed hydra
 15914 | Lair:3   | Killed a five-headed hydra
 16009 | Lair:3   | Identified the +1 quarterstaff of the Boiling Point {flame,
                  | rPois Str-4 Int+3 SInv}
 16133 | Lair:3   | Found a runed translucent gate.
 16133 | Lair:3   | Found a runed translucent gate.
 16133 | Lair:3   | Found a runed translucent gate.
 16134 | Lair:3   | Noticed po7itron's ghost (journeyman TrSh)
 16465 | Lair:3   | Noticed Josephine
 16485 | Lair:3   | Killed Josephine
 17626 | Lair:4   | Found a staircase to the Slime Pits.
 17626 | Lair:4   | Reached **** piety under the Shining One
 17802 | Lair:4   | Noticed a four-headed hydra
 17813 | Lair:4   | Killed a four-headed hydra
 17944 | Lair:4   | Reached XP level 13. HP: 106/116 MP: 14/17
 18459 | Lair:4   | Reached skill level 13 in Maces & Flails
 19548 | Lair:5   | Entered Level 5 of the Lair of Beasts
 19602 | Lair:4   | HP: 1/118 [skyshark (10)]
 19602 | Lair:4   | The Shining One protects you from harm!
 19602 | Lair:4   | Demolished by a tyrant leech

Illustrated notes

Levels and vault maps discovered:
D:1:      arrival_aquarium_a, layout_basic, hellmonk_ecumenical_altar_zigzags
D:2:      layout_rooms, uniq_terence
D:3:      layout_rooms, ebering_ghost_rock_garden, uniq_sigmund, uniq_ijyb
D:4:      layout_cave_pods, nicolae_overflow_quartered_altars, temple_green
D:5:      layout_basic
D:6:      minmay_general_purpose_star, layout_gridville, grunt_ministairs_4,
          minmay_a_box_with_orc_wizards_in_it, uniq_eustachio,
          uniq_blork_the_orc
D:7:      layout_gridville, uniq_prince_ribbit1
D:8:      layout_cave_pools
D:9:      layout_stronghold, nicolae_overflow_squiral,
          kennysheep_generic_room_3, uniq_joseph
D:10:     layout_cave_pools, david_lair_generic, orc_0_dummy, enter_trove_6
Temple:   nicolae_temple_elliptical
Lair:1:   layout_roguey, chequers_serial_rivers_small_b, hangedman_tree_tricks
Lair:2:   layout_long_grid, alex1729_swamp_entry_worm_eleionoma,
          spider_nest_entry_funnel_web, chequers_serial_rivers_micro_b,
          pdpol_lair_cabin_in_the_woods, grunt_megastairs_4
Lair:3:   layout_regular_city, gammafunk_ghost_necromancy,
          nicolae_lair_liquid_snakes, grunt_megastairs_1, uniq_josephine,
          uniq_rupert
Lair:4:   beast_lair_carwin_large_2, layout_cave_pods,
          minmay_slime_entry_pillars, chequers_serial_rivers_small_3,
          lemuel_fruit_tree
Lair:5:   minmay_lair_end_frog_pond, layout_regular_city

Skill      XL: |  1  2  3  4  5  6  7  8  9 10 11 12 13 |
---------------+----------------------------------------+-----
Maces & Flails | 3 4 5 6 7 8 9 10 11 12 13 | 13.2
Fighting       | 4 5 6 8 9 10 11 12 | 12.0
Armour         | 4 5 6 8 9 10 11 12 | 12.0
Shields        | 4 5 6 8 9 10 11 12 | 12.0
Evocations     | 1 3 4 5 6 7 8 |  8.2
Invocations    | 2 4 6 7 |  7.9

Action                     |  1- 3 |  4- 6 |  7- 9 | 10-12 | 13-15 || total
---------------------------+-------+-------+-------+-------+-------++-------
  Melee: Flail             |    83 |   142 |   250 |       |       ||   475
         Headbutt          |     9 |    28 |    58 |   154 |    39 ||   288
         Mace              |       |       |    18 |   545 |   133 ||   696
  Throw: Dart              |       |       |       |     1 |       ||     1
 Invoke: Divine Shield     |       |       |       |     2 |     1 ||     3
  Evoke: Wand              |       |     3 |     2 |    15 |     1 ||    21
    Use: Potion            |       |     1 |     1 |     8 |     2 ||    12
         Scroll            |       |       |     3 |     9 |       ||    12
 Armour: Scale mail        |    68 |     2 |       |       |       ||    70
         Chain mail        |       |   145 |    12 |       |    38 ||   195
         Plate armour      |       |       |   255 |   660 |    96 ||  1011
  Dodge: Dodged            |    45 |    63 |    92 |   186 |    37 ||   423
  Block: Buckler           |    26 |    39 |    71 |   129 |       ||   265
         Kite shield       |       |       |       |    83 |    98 ||   181
